 Dungeon Crawl Stone Soup version 0.29.1-12-g30fa7ad0bf (webtiles) character file.

Game seed: 15861195449537000277

189 ReploidZero the Ducker (level 5, 0/41 HPs)
             Began as a Merfolk Gladiator on Jan 5, 2023.
             Slain by a phantom (7 damage)
             ... on level 3 of the Dungeon.
             The game lasted 00:04:37 (2723 turns).

ReploidZero the Ducker (Merfolk Gladiator)          Turns: 2723, Time: 00:04:37

Health: 0/41       AC:  5    Str: 14    XL:     5   Next: 68%
Magic:  4/4        EV: 15    Int:  6    God:
Gold:   165        SH:  0    Dex: 21    Spells: 4/4 levels left

rFire   . . .      SeeInvis .   a - +0 long sword
rCold   . . .      Faith    .   (no shield)
rNeg    . . .      Spirit   .   b - +0 leather armour
rPois   .          Reflect  .   r - +2 hat
rElec   .          Harm     .   (no cloak)
rCorr   .          Rampage  .   (no gloves)
Will    .....                   (no boots)
Stlth   ++........              (no amulet)
HPRegen 0.13/turn               (no ring)
MPRegen 0.09/turn               (no ring)

@: brilliant, about to teleport
A: (nimble swimmer 2), mertail, agile 1, low MP 1, MP-powered wands
a: no special abilities


You were on level 3 of the Dungeon.
You visited 1 branch of the dungeon, and saw 3 of its levels.

You collected 165 gold pieces.

Inventory:

Hand Weapons
 a - a +0 long sword (weapon)
Missiles
 d - 2 throwing nets (quivered)
 e - a javelin
 l - 3 poisoned darts
Armour
 b - a +0 leather armour (worn)
 c - a +0 helmet
 r - a +2 hat (worn)
Scrolls
 f - a scroll of identify
 i - a scroll of vulnerability {unknown}
 n - a scroll of blinking {unknown}
 q - a scroll of teleportation
Potions
 g - 2 potions of haste
 j - a potion of degeneration {unknown}
 k - a potion of brilliance
 m - a potion of mutation
 o - 2 potions of curing {unknown}
 p - a potion of cancellation {unknown}


   Skills:
 + Level 3.6 Fighting
 + Level 4.8 Long Blades
 + Level 3.2 Throwing
 + Level 5.3 Dodging


You had 4 spell levels left.
You didn't know any spells.
Your spell library contained the following spells:

 Spells                   Type           Power      Damage    Failure   Level
 Stone Arrow              Conj/Erth      0%         3d7       88%         3
 Animate Armour           Summ/Erth      0%         N/A       99%         4
 Lehudib's Crystal Spear  Conj/Erth      0%         10d2      100%        8


Dungeon Overview and Level Annotations

Branches:
Dungeon (3/15)

Altars:
Sif Muna

Shops:
D:1 ?


Innate Abilities, Weirdness & Mutations

((You are very nimble when in or above water. (Stealth+, EV+, Speed+++)))
Your lower body shifts to a powerful aquatic tail in water.
You are agile. (Dex +4, Str/Int -1)
Your magical capacity is low. (-10% MP)
You expend magic power (3 MP) to strengthen your wands.


Message History

The jackal completely misses you.
You hit the jackal.
The jackal is heavily wounded.
The jackal bites you.
* * * LOW HITPOINT WARNING * * *
The jackal closely misses you.
You slash the jackal!
You kill the jackal!
The jackal bites you.
* * * LOW HITPOINT WARNING * * *
You hit the jackal but do no damage. The jackal closely misses you.
The jackal bites you but does no damage.
You closely miss the jackal. The jackal completely misses you.
The jackal closely misses you.
You hit the jackal.
The jackal is heavily wounded.
The jackal barely misses you.
You hit the jackal.
The jackal is almost dead.
The jackal completely misses you. The jackal barely misses you.
You barely miss the jackal.
The jackal is almost dead.
The jackal barely misses you.
The jackal bites you but does no damage.
You hit the jackal but do no damage.
The jackal is almost dead.
The jackal barely misses you.
You closely miss the jackal.
The jackal is almost dead.
The jackal bites you but does no damage. x2
You hit the jackal.
You kill the jackal!
As you read the scroll labelled VOHILUWIYN, it crumbles to dust.
You hear a loud clanging noise!
It was a scroll of noise.
The phantom closely misses you.
Unknown command.
As you read the scroll labelled XUL OPPILIUME, it crumbles to dust.
You feel strangely unstable.
It was a scroll of teleportation.
The phantom hits you!
You die...

#............####.#
######.####...###.#
#.###.....##)# .
#............. P.
#####......### ≈.≈
##<....... ≈.≈≈##
#.......### ≈.≈≈≈P###
#.#####.# # .......@#
#. #.# # ≈.≈≈≈P#W# #
#.. # ≈.≈≈###.# #..##
≈.≈##...######
#####..#. P
#..............)...#.
.###.#.#...###.#..#..†.
..##.#.......>.).......
#.#..#.................
#.#.##......##.##......


You could see a phantom.

Vanquished Creatures
  A scorpion (D:3)
  5 adders
  3 worms
  2 dart slugs (D:2)
  4 orcs (D:3)
  12 bats
  4 endoplasms
  2 giant cockroaches
  6 hobgoblins
  8 jackals
  2 quokkas
  4 ball pythons
  4 frilled lizards
  2 goblins
  8 kobolds
  4 rats
71 creatures vanquished.

Notes
Turn   | Place    | Note
-------+----------+-------------------------------------------
     0 | D:1      | ReploidZero the Merfolk Gladiator began the quest for the
                  | Orb.
     0 | D:1      | Reached XP level 1. HP: 16/16 MP: 1/1
   210 | D:1      | Found Jeqofaom's Magic Scroll Boutique.
   259 | D:1      | Reached XP level 2. HP: 23/23 MP: 2/2
   946 | D:2      | Reached XP level 3. HP: 19/28 MP: 3/3
  1109 | D:2      | Found a shimmering blue altar of Sif Muna.
  1566 | D:2      | Reached XP level 4. HP: 31/34 MP: 4/4
  2296 | D:3      | Noticed a scorpion
  2301 | D:3      | Killed a scorpion
  2302 | D:3      | Reached skill level 5 in Dodging
  2302 | D:3      | Reached XP level 5. HP: 39/41 MP: 5/5
  2664 | D:3      | Noticed a phantom
  2706 | D:3      | Gained mutation: Your magical capacity is low. (-10% MP)
                  | [potion of mutation]
  2706 | D:3      | Gained mutation: You are agile. (Dex +4, Str/Int -1)
                  | [potion of mutation]
  2706 | D:3      | Gained mutation: You expend magic power (3 MP) to
                  | strengthen your wands. [potion of mutation]
  2723 | D:3      | Slain by a phantom

Illustrated notes

Levels and vault maps discovered:
D:1:      grunt_arrival_lava_bath, layout_rooms, serial_shops, shop_scrolls
D:2:      layout_basic, basic_altar, minmay_heptomino_w4
D:3:      layout_loops_ring, dreamdust_princess_bridge

Skill      XL: |  1  2  3  4 |
---------------+-------------+-----
Long Blades    | 4 |  4.8
Fighting       | 3 |  3.6
Throwing       | 3 |  3.2
Dodging        | 5 |  5.3

Action                   |  1- 3 |  4- 6 || total
-------------------------+-------+-------++-------
Melee: Long sword        |   117 |   124 ||   241
Throw: Throwing net      |       |     1 ||     1
  Use: Scroll            |       |     3 ||     3
       Potion            |       |     2 ||     2
 Stab: Sleeping          |     1 |       ||     1
       Held in net/web   |       |     3 ||     3
       Distracted        |       |     1 ||     1
Armor: Leather armour    |    37 |    37 ||    74
Dodge: Dodged            |    86 |   109 ||   195
